 Dungeon Crawl Stone Soup version 0.25.1-2-g60ff931df9 (webtiles) character file.

Game seed: 3314651658547615170

226 hawla the Charlatan (level 5, -1/42 HPs)
             Began as a Minotaur Artificer on Oct 12, 2020.
             Killed from afar by an orc wizard (4 damage)
             ... with a puff of flame
             ... on level 3 of the Dungeon.
             The game lasted 00:06:48 (3132 turns).

hawla the Charlatan (Minotaur Artificer)            Turns: 3132, Time: 00:06:50

Health: -1/42      AC: 14    Str: 14 (17) XL:     5   Next: 69%
Magic:  6/6        EV:  7    Int:  8 (9)  God:
Gold:   142        SH:  0    Dex:  8 (10) Spells: 4/4 levels left

rFire    . . .     SeeInvis .   u - +2 dagger (venom)
rCold    . . .     Gourm    .   (no shield)
rNeg     . . .     Faith    .   s - +3 chain mail
rPois    .         Spirit   .   (helmet restricted)
rElec    .         Reflect  .   (no cloak)
rCorr    .         Harm     .   m - +1 pair of gloves
MR       +....                  (no boots)
Stlth    ..........             (no amulet)
HPRegen  0.14/turn              g - ring of protection from magic
MPRegen  0.10/turn              (no ring)

@: lethally poisoned (-1 -> -44)
A: retaliatory headbutt, horns 2
a: no special abilities


You were on level 3 of the Dungeon.
You were not hungry.

You visited 1 branch of the dungeon, and saw 4 of its levels.

You collected 142 gold pieces.

Inventory:

Hand Weapons
 u - a +2 dagger of venom (weapon)
 w - a +0 mace
Missiles
 i - 29 poisoned darts (quivered)
 n - 8 javelins
 q - 2 atropa-tipped darts
 x - 3 boomerangs
Armour
 m - a +1 pair of gloves (worn)
 s - a +3 chain mail (worn)
Jewellery
 g - a ring of protection from magic (left hand)
Wands
 c - a wand of flame (30)
 d - a wand of enslavement (15)
 e - a wand of random effects (8)
Scrolls
 a - a scroll of enchant armour
 k - a scroll of amnesia
 l - a scroll of remove curse
 o - 4 scrolls of identify
 t - 4 scrolls of teleportation
 v - a scroll of immolation {unknown}
 y - a scroll of fog {unknown}
Potions
 h - 2 potions of flight
 p - a potion of haste
Comestibles
 f - 4 rations


   Skills:
 + Level 2.4 Fighting
 + Level 1.6 Short Blades
 + Level 2.6 Maces & Flails
 + Level 2.4 Armour
 * Level 3.5 Dodging
 + Level 0.9 Stealth
 * Level 3.8 Evocations


You had 4 spell levels left.
You didn't know any spells.
Your spell library was empty.

Dungeon Overview and Level Annotations

Branches:
Dungeon (4/15)
 Temple: D:4-7

Altars:
Dithmenos


Innate Abilities, Weirdness & Mutations

You reflexively headbutt those who attack you in melee.
You have a pair of horns on your head.


Message History

* * * LOW HITPOINT WARNING * * *
You feel very sick. Something hits you but does no damage.
You are more poisoned.
Okay, then.
Evoke which item? (* to show all) (? for menu, Esc to quit)
Aiming: Throw Flame
Press: ? - help, Shift-Dir - straight line, f - you That beam is likely to hit you.
Continue anyway?
Okay, then.
Evoke which item? (* to show all) (? for menu, Esc to quit)
Aiming: Throw Flame
Press: ? - help, Shift-Dir - straight line The puff of flame hits something.
* * * LOW HITPOINT WARNING * * *
You feel very sick.
You hear some strange, mumbled words.
A puff of flame appears from out of thin air!
The puff of flame hits you.
You die...

########.####.#.###...####...#
#......#.###...# #...# ####
#######)..###### #...#
...###########.###.# #...#
##.##..........# #.#### #...#
#..##......[##.###....#####...###
...##.......##....###............
....#.......##.[[......>.........
............##..@).##............
....#.......##.{##.##.#####..)###
...##.......>...##.##.# #..).§#
#.#############.......# #...#.§
#.# ####.#### #...### #.####
#########.# #...# # #..(.#
#.......#.# #...### ####.#
#..###..#.# ###.....
#)#####..#......#######......#


There were no monsters in sight!

Vanquished Creatures
  A crimson imp (D:3)
  An orc priest (D:3)
  2 orc wizards
  A worker ant (D:3)
  An adder (D:3)
  2 oozes (D:2)
  An adder zombie (D:3)
  A worm (D:2)
  3 leopard geckos (D:1)
  10 orcs
  A giant cockroach (D:1)
  2 goblins (D:1)
  7 hobgoblins
  A quokka (D:3)
  A ball python (D:1)
  7 bats
  3 frilled lizards
  4 kobolds
  13 rats
62 creatures vanquished.

Notes
Turn   | Place    | Note
-------+----------+-------------------------------------------
     0 | D:1      | hawla the Minotaur Artificer began the quest for the Orb.
     0 | D:1      | Reached XP level 1. HP: 16/16 MP: 1/1
   260 | D:1      | Reached XP level 2. HP: 23/23 MP: 3/3
  1254 | D:2      | Reached XP level 3. HP: 28/28 MP: 4/4
  1950 | D:3      | Found a shadowy altar of Dithmenos.
  2026 | D:3      | Reached skill level 1 in Armour
  2157 | D:3      | Reached skill level 1 in Maces & Flails
  2303 | D:3      | Reached XP level 4. HP: 36/36 MP: 5/5
  2793 | D:3      | Reached XP level 5. HP: 40/41 MP: 6/6
  3132 | D:3      | Killed from afar by an orc wizard

Illustrated notes

Levels and vault maps discovered:
D:1:      minmay_arrival_split_and_join, layout_basic
D:2:      layout_loops_cross, grunt_decor_cap, grunt_ministairs_3
D:3:      layout_loops_cross, corner_web_ring, grunt_dithmenos_smoke_and_mirrors
D:4:      layout_loops_ring, first_ration, uniq_duvessa, uniq_menkaure

Skill      XL: |  1  2  3  4  5 |
---------------+----------------+-----
Evocations     | 3 |  3.8
Armour         | 1 2 |  2.4
Maces & Flails | 1 2 |  2.6
Fighting       | 2 |  2.4
Dodging        | 3 |  3.5
Short Blades   | |  1.6
Stealth        | |  0.9

Action                   |  1- 3 |  4- 6 || total
-------------------------+-------+-------++-------
Melee: Short sword       |    25 |       ||    25
       Headbutt          |    16 |    11 ||    27
       Club              |    63 |       ||    63
       Dagger            |    10 |    15 ||    25
       Mace              |     7 |    64 ||    71
Evoke: Wand              |     4 |     7 ||    11
  Use: Scroll            |     5 |       ||     5
       Potion            |       |     3 ||     3
  Eat: Chunk             |     2 |     1 ||     3
       Ration            |     1 |     1 ||     2
Armor: Leather armour    |    12 |       ||    12
       Chain mail        |    17 |    77 ||    94
Dodge: Dodged            |    56 |    54 ||   110
